 Dungeon Crawl Stone Soup version 0.23.2-40-g277498a001 (webtiles) character file.

Game seed: 14948299015689604882

123 FishyPogo the Skirmisher (level 4, 0/39 HPs)
             Began as a Demonspawn Wanderer on Aug 29, 2019.
             Succumbed to a water moccasin's poison
             ... on level 3 of the Dungeon.
             The game lasted 00:13:20 (3024 turns).

FishyPogo the Skirmisher (Demonspawn Wanderer)      Turns: 3024, Time: 00:13:20

Health: 0/39       AC:  8    Str: 16    XL:     4   Next: 80%
Magic:  4/4        EV: 11    Int: 13    God:
Gold:   131        SH:  0    Dex: 10    Spells: 3/3 levels left

rFire    + . .     SeeInvis .   g - +0 club (curse)
rCold    . . .     Gourm    .   (no shield)
rNeg     . . .     Faith    .   i - +0 ring mail {rF+}
rPois    .         Spirit   .   d - +2 hat
rElec    +         Reflect  .   (no cloak)
rCorr    .         Harm     .   (no gloves)
MR       .....                  (no boots)
Stlth    ..........             (no amulet)
HPRegen  0.13/turn              (no ring)
MPRegen  0.09/turn              (no ring)

@: lethally poisoned (0 -> -8)
A: hooves 1, shaggy fur 1, electricity resistance, wild magic 1, evolution 1,
rot immunity
a: no special abilities


You were on level 3 of the Dungeon.
You were not hungry.

You visited 1 branch of the dungeon, and saw 3 of its levels.

You collected 131 gold pieces.

Inventory:

Hand Weapons
 a - a +3 blowgun
 g - a cursed +0 club (weapon)
 h - a +1 short sword of draining
Missiles
 b - a curare-tipped needle
 e - 16 stones (quivered)
Armour
 d - a +2 hat (worn)
 i - a +0 ring mail of fire resistance (worn)
Scrolls
 k - a scroll of amnesia
 l - a scroll of enchant weapon
Potions
 n - a potion of resistance
Comestibles
 c - a chunk of flesh
 f - 3 rations


   Skills:
 + Level 5.0 Fighting
   Level 2.6 Crossbows
 - Level 2.0 Throwing
 + Level 2.0 Armour
 + Level 1.5 Dodging
   Level 1.0 Evocations


You had 3 spell levels left.
You didn't know any spells.
Your spell library was empty.

Dungeon Overview and Level Annotations

Branches:
Dungeon (3/15)

Altars:


Innate Abilities, Weirdness & Mutations

You have large cloven feet.
You are immune to rotting.
You are covered in fur. (AC +1)
You are resistant to electric shocks. (rElec)
Your spells are a little harder to cast, but a little more powerful.
You evolve.


Message History

You feel extremely strange.
You no longer feel heat resistant.
You feel less resistant to hostile enchantments.
You feel insulated.
You feel nature experimenting on you.
Don't worry, failures die fast.
You feel less in control of your magic.
* * * LOW HITPOINT WARNING * * *
You feel sick.
The water moccasin closely misses you. x2
Okay, then.
* * * LOW HITPOINT WARNING * * *
You feel sick.
* * * LOW HITPOINT WARNING * * *
You feel sick. The water moccasin closely misses you.
* * * LOW HITPOINT WARNING * * *
You feel sick. The water moccasin bites you!
* * * LOW HITPOINT WARNING * * *
* * * LOW HITPOINT WARNING * * *
You feel sick.
You die...

##.####.#*,.S###..#######*#****,*
........##..#.#..<........* *,*
..................#######.* *,,
>#.####.######.##.# *..,* ***
.#.# #.# #.*#.# #.#** * .#.#
#.### #.##.#####.### * .#.# #...#
#.......o....# * ##.# #.#.#
###..####o.#.# * ##.# #.#.# #@.#
#..#.# * ##.# #.#.# #..# #.o#.##
* ##.# #.#.# #gS####.....#####*
#*,* #.#.# #................,
#*,* #.#.# #..######o..####**
g,,* #.#.# #..# ##.## #*** #.#.#
#..# #.# # ####.#.######..# #.#
####........(..(..#######.#


You could see a water moccasin and a goblin.

Vanquished Creatures
  Terence (D:2)
  3 adders
  A gnoll (D:3)
  An ooze (D:1)
  A worm (D:3)
  2 leopard geckos (D:3)
  5 orcs (D:3)
  3 bats (D:1)
  3 giant cockroaches
  2 goblins (D:2)
  6 hobgoblins
  4 jackals (D:1)
  A quokka (D:2)
  2 frilled lizards (D:2)
  6 kobolds
  6 rats
47 creatures vanquished.

Notes
Turn   | Place    | Note
-------+----------+-------------------------------------------
     0 | D:1      | FishyPogo the Demonspawn Wanderer began the quest for the
                  | Orb.
     0 | D:1      | FishyPogo set off with the following items: a +2 blowgun, a
                  | curare-tipped needle, a +0 ring mail, a potion of curing, a
                  | ration
     0 | D:1      | Reached XP level 1. HP: 19/19 MP: 1/1
   256 | D:1      | Gained mutation: You are immune to rotting. [demonic
                  | ancestry]
   256 | D:1      | Reached XP level 2. HP: 23/25 MP: 2/2
   896 | D:2      | Gained mutation: You have large cloven feet. [demonic
                  | ancestry]
   896 | D:2      | Reached XP level 3. HP: 22/31 MP: 3/3
  1087 | D:2      | Reached skill level 1 in Dodging
  1092 | D:2      | Noticed Terence
  1108 | D:2      | Gained mutation: You can translocate small distances at
                  | will. [potion of mutation]
  1108 | D:2      | Gained mutation: You have a pair of small horns on your
                  | head. [potion of mutation]
  1130 | D:2      | Killed Terence
  1260 | D:3      | Reached XP level 4. HP: 37/38 MP: 4/4
  2311 | D:3      | Reached skill level 5 in Fighting
  2880 | D:3      | Noticed a water moccasin
  3017 | D:3      | Lost mutation: You have a pair of small horns on your head.
                  | [potion of mutation]
  3017 | D:3      | Lost mutation: You can translocate small distances at will.
                  | [potion of mutation]
  3017 | D:3      | Gained mutation: You are resistant to hostile enchantments.
                  | (MR+) [potion of mutation]
  3017 | D:3      | Gained mutation: You are covered in fur. (AC +1) [potion of
                  | mutation]
  3017 | D:3      | Gained mutation: Your flesh is heat resistant. (rF+)
                  | [potion of mutation]
  3018 | D:3      | Lost mutation: Your flesh is heat resistant. (rF+) [potion
                  | of mutation]
  3018 | D:3      | Lost mutation: You are resistant to hostile enchantments.
                  | (MR+) [potion of mutation]
  3018 | D:3      | Gained mutation: You are resistant to electric shocks.
                  | (rElec) [potion of mutation]
  3018 | D:3      | Gained mutation: You evolve. [potion of mutation]
  3018 | D:3      | Gained mutation: Your spells are a little harder to cast,
                  | but a little more powerful. [potion of mutation]
  3022 | D:3      | HP: 1/39 [water moccasin (7)]
  3024 | D:3      | Succumbed to a water moccasin's poison

Skill      XL: |  1  2  3  4 |
---------------+-------------+-----
Dodging        | 1 |  1.5
Fighting       | 5 |  5.0
Throwing       | 2 |  2.0
Armour         | 2 |  2.0
Crossbows      | |  2.6
Evocations     | |  1.0

Action                   |  1- 3 |  4- 6 || total
-------------------------+-------+-------++-------
Melee: Club              |   132 |    93 ||   225
       Kick              |    10 |    25 ||    35
       Headbutt          |     4 |    13 ||    17
Throw: Stone             |    48 |    58 ||   106
  Use: Potion            |     5 |     2 ||     7
       Scroll            |     2 |     6 ||     8
  Eat: Chunk             |     1 |     6 ||     7
Armor: Ring mail         |    73 |    64 ||   137
Dodge: Dodged            |    96 |    87 ||   183
